 Dungeon Crawl Stone Soup version 0.29.1-15-g9cfb28693d (webtiles) character file.

Game seed: 5823272602824462381

9497 EarthwalkerPL the Fighter (level 11, -7/102 HPs)
             Began as a Minotaur Fighter on Apr 25, 2023.
             Was a High Priest of Okawaru.
             Mangled by an orc warlord
             ... wielding a +5 great sword of holy wrath
              (25 damage)
             ... on level 9 of the Dungeon.
             The game lasted 00:20:18 (11027 turns).

EarthwalkerPL the Fighter (Minotaur Fighter)       Turns: 11027, Time: 00:20:18

Health: -7/102     AC: 18    Str: 31    XL:     11   Next: 23%
Magic:  12/12      EV: 12    Int:  5    God:    Okawaru [*****.]
Gold:   796        SH:  8    Dex: 13    Spells: 10/10 levels left

rFire   . . .      SeeInvis .   P - +5 war axe
rCold   . . .      Faith    .   r - +2 buckler
rNeg    + . .      Spirit   .   b - +0 scale mail
rPois   +          Reflect  .   (helmet restricted)
rElec   .          Harm     .   H - +2 cloak {Will+}
rCorr   +          Rampage  .   M - +2 pair of gloves of the Evil One {rCorr}
Will    +....                   K - +1 pair of boots
Stlth   ..........              (no amulet)
HPRegen 0.27/turn               c - ring "Abriem" {Wiz rN+ Str+5 Dex+4}
MPRegen 0.13/turn               F - ring of poison resistance

@: no status effects
A: horns 2, retaliatory headbutt
a: Renounce Religion, Heroism, Finesse, Duel


You were on level 9 of the Dungeon.
You worshipped Okawaru.
Okawaru was extremely pleased with you.
You visited 3 branches of the dungeon, and saw 13 of its levels.

You collected 796 gold pieces.

Inventory:

Hand Weapons
 a - a +0 war axe
 P - a +5 war axe (weapon)
Missiles
 n - 4 boomerangs of dispersal
 u - 2 curare-tipped darts
 w - 5 silver javelins
 x - 2 boomerangs
 z - 20 poisoned darts (quivered)
 I - 7 atropa-tipped darts
 L - a throwing net
 N - 3 javelins
Armour
 b - a +0 scale mail (worn)
 r - a +2 buckler (worn)
 C - a +0 plate armour of fire resistance
 H - a +2 cloak of willpower (worn)
 K - a +1 pair of boots (worn)
 M - the +2 pair of gloves of the Evil One (worn) {rCorr}
   (Okawaru gifted it to you on level 10 of the Dungeon)

   rCorr:     It protects you from acid and corrosion.
Jewellery
 c - the ring "Abriem" (left hand) {Wiz rN+ Str+5 Dex+4}
   (You acquired it on level 10 of the Dungeon)

   [ring of wizardry]

   It improves your spell success rate.
   Str:       It affects your strength (+5).
   Dex:       It affects your dexterity (+4).
   rN:        It protects you from negative energy.
 g - a ring of resist corrosion
 s - a ring of positive energy
 v - a +6 ring of dexterity
 F - a ring of poison resistance (right hand)
 O - a +6 ring of strength
Wands
 l - a wand of polymorph (4)
 p - a wand of digging (4)
 q - a wand of paralysis (14)
 E - a wand of flame (10)
 J - a wand of iceblast (2)
Scrolls
 e - 4 scrolls of identify
 j - 2 scrolls of enchant weapon
 m - 8 scrolls of teleportation
 t - 2 scrolls of immolation
 y - a scroll of blinking
 A - 3 scrolls of poison
 B - 2 scrolls of fear
Potions
 d - 4 potions of might
 f - 3 potions of flight {unknown}
 h - 2 potions of heal wounds {unknown}
 i - 9 potions of curing
 k - 2 potions of invisibility
 o - 6 potions of brilliance {unknown}
 D - a potion of lignification {unknown}
 G - 3 potions of mutation {unknown}
 Q - a potion of magic {unknown}
 R - a potion of attraction {unknown}


   Skills:
 * Level 11.0 Fighting
 * Level 10.7 Axes
 + Level 3.8 Throwing
 * Level 10.9 Armour
 + Level 4.2 Dodging
 + Level 8.1 Shields
 + Level 3.8 Invocations


You had 10 spell levels left.
You didn't know any spells.
Your spell library contained the following spells:

 Spells                   Type           Power      Damage    Failure   Level
 Beastly Appendage        Tmut           0%         N/A       41%         1
 Freeze                   Ice            0%         1d3       41%         1
 Blink                    Tloc           0%         N/A       54%         2
 Wereblood                Tmut           0%         N/A       54%         2
 Frozen Ramparts          Ice            0%         1d1       77%         3
 Lesser Beckoning         Tloc           0%         N/A       77%         3
 Spider Form              Tmut/Pois      0%         N/A       77%         3
 Hailstorm                Conj/Ice       0%         3d3       98%         4
 Passage of Golubria      Tloc           0%         N/A       98%         4
 Manifold Assault         Tloc           0%         N/A       100%        5
 Silence                  Hex/Air        0%         N/A       100%        5
 Lehudib's Crystal Spear  Conj/Erth      0%         10d2      100%        8


Dungeon Overview and Level Annotations

Branches:
Dungeon (11/15)            Temple (1/1) D:4             Orc (1/2) D:9
   Lair: D:8-11

Altars:
Ashenzari
Cheibriados
Dithmenos
Elyvilon
Fedhas
Gozag
Hepliaklqana
Kikubaaqudgha
Makhleb
Nemelex Xobeh
Okawaru
Qazlal
Ru
Sif Muna
Trog
Uskayaw
Vehumet
Wu Jian
Xom
Yredelemnul
Zin
The Shining One

Shops:
D:9 [?   D:10 (


Innate Abilities, Weirdness & Mutations

You have a pair of horns on your head.
You reflexively headbutt those who attack you in melee.


Message History

A warg comes into view.
You throw a poisoned dart.
The poisoned dart barely misses the orc warlord.
You throw a poisoned dart. The poisoned dart hits the orc warlord.
The orc warlord looks even sicker.
The orc warlord is lightly wounded.
An orc warrior comes into view. It is wielding a +0 long sword.
You throw a poisoned dart. The poisoned dart hits the orc warlord!
The orc warlord looks as sick as possible!
The orc warlord is lightly wounded.
The orc warrior shouts!
You block the orc warlord's attack. The orc hits you with a +0 flail!
You climb upwards.
Welcome back to the Dungeon!
There is a staircase to the Orcish Mines here.
You hit the orc warlord but do no damage.
You headbutt the orc warlord, but do no damage.
The orc warlord is lightly wounded.
You slash the orc!
You kill the orc!
Okawaru accepts your kill. The orc warlord barely misses you.
You slash the orc warlord!
The orc warlord is moderately wounded.
The orc warlord hits you with a +5 great sword of holy wrath!!
You completely miss the orc warlord.
You headbutt the orc warlord, but do no damage.
The orc warlord is moderately wounded.
The orc warlord hits you with a +5 great sword of holy wrath!
You hit the orc warlord.
The orc warlord is moderately wounded.
The orc warlord hits you with a +5 great sword of holy wrath.
You hit the orc warlord.
The orc warlord is moderately wounded.
The orc warlord hits you with a +5 great sword of holy wrath!!
* * * LOW HITPOINT WARNING * * *
You hit the orc warlord but do no damage.
You headbutt the orc warlord, but do no damage.
The orc warlord is moderately wounded.
The orc warlord hits you with a +5 great sword of holy wrath!!
You die...

≈~~^.........'####....#.()....#
~≈~.##.###...## ####.#..)...##
....##.# #...########..>####.#
....##.# #...##....####.# #.#
.##.##.# #...##....# #.# #.#
8##.##.# #...##....# #.####.#
<##[##.########....####......#
∩.8..........................#
....##.########o@..####.######
8.#<##.# #)...# #.# .(####.#
#....# #.######### ### #.#
###### #..........
#.############## ###########
#..............#
################


You could see an orc warlord (very poisoned).

Vanquished Creatures
  A two-headed ogre (D:9)
  A manticore (D:11)
  Maurice (D:9)
  Joseph (D:10)
  4 kobold demonologists
  A troll (D:10)
  8 yaks
  A wyvern (D:9)
  4 vampire mosquitoes (D:11)
  3 acid dragons
  A water moccasin (D:8)
  12 orc warriors
  2 black bears (D:6)
  An ice beast (D:7)
  3 ogres
  A sky beast (D:6)
  2 phantoms (D:5)
  2 centaurs
  8 kobold brigands
  3 bullfrogs
  A gnoll sergeant (D:10)
  2 scorpions
  6 killer bees
  An electric eel (D:9)
  2 howler monkeys
  2 hounds
  7 orc priests
  2 jellies
  2 iguanas
  14 orc wizards
  5 gnolls (D:10)
  9 adders
  A white imp (D:8)
  2 ufetubi (D:7)
  A worm (D:5)
  60 orcs
  4 ball pythons
  4 bats
  7 endoplasms
  A giant cockroach (D:1)
  10 hobgoblins
  2 jackals (D:2)
  2 quokkas
  3 frilled lizards (D:1)
  7 goblins
  20 kobolds
  2 rats
239 creatures vanquished.

Vanquished Creatures (others)
  A wizard (D:8)
1 creature vanquished.

Grand Total: 240 creatures vanquished

Notes
Turn   | Place    | Note
-------+----------+-------------------------------------------
     0 | D:1      | EarthwalkerPL the Minotaur Fighter began the quest for the
                  | Orb.
     0 | D:1      | Reached XP level 1. HP: 19/19 MP: 0/0
   208 | D:1      | Reached XP level 2. HP: 27/27 MP: 1/1
   233 | D:1      | Reached skill level 4 in Fighting
   871 | D:2      | Reached XP level 3. HP: 19/33 MP: 2/2
  1520 | D:3      | Reached XP level 4. HP: 41/41 MP: 3/3
  1886 | D:3      | Found a faded altar of an unknown god.
  2514 | D:4      | Found a staircase to the Ecumenical Temple.
  2522 | Temple   | Entered the Ecumenical Temple
  2557 | Temple   | Became a worshipper of Warmaster Okawaru
  2592 | D:4      | Reached XP level 5. HP: 40/47 MP: 4/4
  2854 | D:5      | Entered Level 5 of the Dungeon
  2854 | D:5      | Noticed a phantom
  2862 | D:5      | Killed a phantom
  2863 | D:5      | Reached skill level 5 in Fighting
  2863 | D:5      | Reached skill level 5 in Armour
  2950 | D:5      | Noticed an ogre
  2956 | D:5      | Killed an ogre
  2956 | D:5      | Reached * piety under Okawaru
  2957 | D:5      | Reached XP level 6. HP: 44/56 MP: 5/5
  3267 | D:5      | Reached skill level 5 in Axes
  3275 | D:5      | Reached skill level 6 in Fighting
  3280 | D:5      | Reached XP level 7. HP: 33/63 MP: 6/6
  3673 | D:5      | Reached ** piety under Okawaru
  3674 | D:5      | Reached skill level 5 in Shields
  4201 | D:6      | Reached skill level 7 in Fighting
  4202 | D:6      | Reached XP level 8. HP: 70/73 MP: 7/7
  4271 | D:6      | Reached *** piety under Okawaru
  4545 | D:7      | Found a glowing golden altar of the Shining One.
  4547 | D:7      | Found a basalt altar of Yredelemnul.
  4549 | D:7      | Found an ornate altar of the Wu Jian Council.
  4730 | D:7      | Reached skill level 8 in Fighting
  5555 | D:7      | Reached XP level 9. HP: 66/82 MP: 8/8
  5668 | D:7      | You fall into a shaft and drop 3 floors!
  5668 | D:10     | Entered Level 10 of the Dungeon
  5706 | D:10     | Identified a scroll of acquirement
  5711 | D:10     | Acquired the ring "Abriem" {Wiz rN+ Str+5 Dex+4}
  5892 | D:8      | Reached **** piety under Okawaru
  6113 | D:7      | Found a hazy altar of Hepliaklqana.
  6354 | D:8      | Found a bloodstained altar of Trog.
  6424 | D:8      | Found a hide-covered altar of Uskayaw.
  6491 | D:8      | Identified the +8 dagger of Demonkind {vamp, Will+ Dex+3}
  6655 | D:8      | Noticed a wizard
  6661 | D:8      | Killed a wizard
  6817 | D:9      | Noticed Maurice
  6840 | D:9      | Killed Maurice
  6841 | D:9      | Reached skill level 1 in Throwing
  6841 | D:9      | Reached skill level 1 in Dodging
  6841 | D:9      | Reached skill level 1 in Invocations
  6887 | D:9      | Noticed a two-headed ogre
  6895 | D:9      | Killed a two-headed ogre
  6895 | D:9      | Reached ***** piety under Okawaru
  6896 | D:9      | Reached skill level 9 in Fighting
  7298 | D:9      | Found a snail-covered altar of Cheibriados.
  7298 | D:9      | Found a glowing silver altar of Zin.
  7317 | D:9      | Received a gift from Okawaru
  7344 | D:9      | Found a snail-covered altar of Cheibriados.
  7345 | D:9      | Found Cheibriados's Comfort Zone.
  7374 | D:9      | Found a broken altar of Ashenzari.
  7517 | D:9      | Received a gift from Okawaru
  7518 | D:9      | Reached XP level 10. HP: 70/91 MP: 10/10
  7763 | D:9      | Found a shimmering blue altar of Sif Muna.
  7799 | D:9      | Found Ysenotygg's Magic Scroll Emporium.
  7917 | D:9      | Found a staircase to the Orcish Mines.
  8154 | D:10     | Noticed an orange demon
  8564 | D:10     | Identified the +2 pair of gloves of the Evil One {rCorr}
                  | (Okawaru gifted it to you on level 10 of the Dungeon)
  8564 | D:10     | Received a gift from Okawaru
  8737 | D:10     | Reached skill level 10 in Fighting
  8986 | D:9      | Reached skill level 10 in Armour
  9384 | D:10     | Noticed Joseph
  9397 | D:10     | Killed Joseph
  9398 | D:10     | Reached skill level 10 in Axes
  9925 | D:10     | Found Ylathisi's Antique Weapon Shop.
  9966 | D:11     | Reached XP level 11. HP: 86/101 MP: 12/12
  9969 | D:11     | Noticed a five-headed hydra
 10870 | Orc:1    | Entered Level 1 of the Orcish Mines
 10880 | Orc:1    | Reached skill level 11 in Fighting
 11007 | Orc:1    | Noticed an orc warlord
 11027 | D:9      | Mangled by an orc warlord

Illustrated notes

Levels and vault maps discovered:
D:1:      dpeg_arrival_rooms_with_view, layout_basic,
          wander_ebering_terrifying_dragon_lair
D:2:      layout_rooms, corexii_item_surrounded_by_moat
D:3:      layout_loops_ring, hellmonk_ecumenical_altar_inner_sanctum
D:4:      layout_rooms, minmay_temple_entry_mini_moons
D:5:      layout_basic
D:6:      minmay_angry_zag, layout_rooms
D:7:      layout_loops_ring, kennysheep_little_box, grunt_temple_overflow_open,
          serial_glass, glass_columns_b, glass_columns_a, glass_columns_b,
          glass_columns_c
D:8:      layout_basic, trog_wizard, mainiacjoe_overflow_tiny_flanked
D:9:      layout_basic, kennysheep_mini, jmf_multi_god_temple,
          kennysheep_mini_moat, serial_shops, nicolae_shop_statue_plus,
          minmay_shop_chei, uniq_maurice
D:10:     layout_roguey [special_room_orc], serial_shops, shop, uniq_joseph
D:11:     layout_rooms, lair_entry_dummy
Temple:   nicolae_temple_ecumenical_triangle
Orc:1:    layout_caves

Skill      XL: |  1  2  3  4  5  6  7  8  9 10 11 |
---------------+----------------------------------+-----
Fighting       | 4 5 6 7 8 9 10 11 | 11.0
Armour         | 4 5 6 8 9 10 | 10.9
Axes           | 3 4 5 6 7 9 10 | 10.7
Shields        | 4 5 6 7 8 |  8.1
Throwing       | 2 3 |  3.8
Dodging        | 2 3 4 |  4.2
Invocations    | 2 3 |  3.8

Action                   |  1- 3 |  4- 6 |  7- 9 | 10-12 || total
-------------------------+-------+-------+-------+-------++-------
Melee: War axe           |    82 |   120 |   268 |   290 ||   760
       Headbutt          |     6 |    16 |    50 |    66 ||   138
Throw: Dart              |       |       |     4 |    16 ||    20
       Boomerang         |       |       |     1 |       ||     1
  Use: Scroll            |       |       |     9 |     2 ||    11
       Potion            |       |       |       |     1 ||     1
Armor: Scale mail        |    41 |    51 |   114 |   155 ||   361
Dodge: Dodged            |    38 |    44 |    91 |   138 ||   311
Block: Buckler           |    17 |    30 |    85 |   102 ||   234
